 Dungeon Crawl Stone Soup version 0.28.0-53-g5a82cb258f (webtiles) character file.

Game seed: 5599972509837570930

118 hawla the Stinger (level 4, -5/18 HPs)
             Began as a Felid Venom Mage on May 26, 2022.
             Was an Initiate of Vehumet.
             Slain by a killer bee zombie (6 damage)
             ... on level 7 of the Dungeon.
             The game lasted 00:07:41 (3278 turns).

hawla the Stinger (Felid Venom Mage)                Turns: 3278, Time: 00:07:43

Health: -5/18      AC:  1    Str:  4    XL:     4   Next: 72%
Magic:  8/8        EV: 18    Int: 18    God:    Vehumet [......]
Gold:   156        SH:  0    Dex: 16    Spells: 4/7 levels left
                                        Lives:  0   Deaths: 1

rFire   . . .      SeeInvis +   (weapon unavailable)
rCold   . . .      Faith    .   (shield unavailable)
rNeg    . . .      Spirit   .   (armour unavailable)
rPois   .          Reflect  .   (helmet unavailable)
rElec   .          Harm     .   (cloak unavailable)
rCorr   .          Rampage  .   (gloves unavailable)
Will    .....                   (boots unavailable)
Stlth   ++........              (no amulet)
HPRegen 0.06/turn               (no ring)
MPRegen 0.11/turn               (no ring)

@: quick
A: very small, claws 1, fangs 3, see invisible, speed 1, shaggy fur 1, stealthy
paws, no weapons or thrown items, no armour, multi-lived
a: Renounce Religion


You were on level 7 of the Dungeon.
You worshipped Vehumet.
Vehumet was noncommittal.
You visited 2 branches of the dungeon, and saw 6 of its levels.

You collected 156 gold pieces.

Inventory:

Jewellery
 e - a ring of flight
 g - a +6 ring of dexterity
Wands
 i - a wand of flame (9)
Scrolls
 c - a scroll of summoning
 f - 2 scrolls of identify
Potions
 a - a potion of attraction {unknown}
 b - a potion of flight {unknown}
 d - 2 potions of degeneration {unknown}
 h - 3 potions of curing


   Skills:
 + Level 3.2 Dodging
 + Level 2.8 Stealth
 + Level 0.2 Unarmed Combat
 + Level 2.3 Spellcasting
 + Level 2.0 Transmutations
 + Level 1.3 Air Magic
 + Level 4.4 Poison Magic


You had 4 spell levels left.
You knew the following spells:

 Your Spells              Type           Power      Damage    Failure   Level
a - Sting                 Tmut/Pois      52%        1d5       4%          1
b - Poisonous Vapours     Pois/Air       24%        N/A       9%          2

Your spell library contained the following spells:

 Spells                   Type           Power      Damage    Failure   Level
 Corpse Rot               Necr/Air       8%         N/A       21%         2
 Mephitic Cloud           Conj/Pois/Air  9%         N/A       24%         3
 Olgreb's Toxic Radiance  Pois           18%        N/A       28%         4
 Tukima's Dance           Hex            2%         N/A       45%         3
 Passage of Golubria      Tloc           2%         N/A       86%         4
 Yara's Violent Unravell  Hex/Tmut       2%         3d3       97%         5


Dungeon Overview and Level Annotations

Branches:
Dungeon (7/15)             Temple (1/1) D:7

Altars:
Ashenzari
Gozag
Hepliaklqana
Kikubaaqudgha
Nemelex Xobeh
Qazlal
Sif Muna
Uskayaw
Vehumet
Wu Jian
Yredelemnul


Innate Abilities, Weirdness & Mutations

You have sharp claws.
You have razor-sharp teeth.
You have supernaturally acute eyesight. (SInv)
You cover ground quickly. (Speed+)
You are covered in fur. (AC +1)
Your paws help you pounce on unaware monsters.
You are incapable of wielding weapons or throwing items.
You cannot wear armour.
You gain extra lives every three experience levels.


Message History

Press: ? - help, Shift-Dir - straight line, f - wyvern skeleton
Aim: a wyvern skeleton (severely damaged, ally target, 98% to hit)
The sting hits the wyvern skeleton.
The wyvern skeleton is almost destroyed.
The wyvern skeleton barely misses you.
Your kobold dissolves into shadows!
A killer bee zombie comes into view.
Found a staircase to the Ecumenical Temple.
The killer bee zombie barely misses you.
Your iguana bites the centaur skeleton!
The killer bee zombie completely misses you.
Found a long sword.
Found a stone staircase leading up.
The killer bee zombie closely misses you.
The killer bee zombie closely misses you.
There is a staircase to the Ecumenical Temple here.
The killer bee zombie barely misses you.
You climb downwards.
Welcome to the Ecumenical Temple!
Found eleven altars.
There is a staircase back to the Dungeon here.
There is a radiant altar of Vehumet here.
Key pressed, stopping explore.
Key pressed, stopping explore.
HP restored.
There is an opulent altar of Gozag here.
Key pressed, stopping explore.
There is an ornate altar of the Wu Jian Council here.
Done exploring.
Done exploring.
There is a radiant altar of Vehumet here.
You sit before the altar of Vehumet.
Vehumet welcomes you!
There is a staircase back to the Dungeon here.
You climb upwards.
Welcome back to the Dungeon!
The killer bee zombie hits you.
The killer bee zombie closely misses you.
The centaur skeleton hits you. The centaur skeleton barely misses you.
The wyvern skeleton bites you!
Ouch! That really hurt!
* * * LOW HITPOINT WARNING * * *
The killer bee zombie hits you.
You die...

#######.###..## #l#
#..# #.# #..#
##########c###..#
####...............#
#........##.######.#
.#.#.#...#..##.#
......#.#..###.#
#....Z@Z..# #.#
#....#Z#...<..#
.)...#...#.#####
...........#
.##..####### #.. #.
.


You could see a killer bee zombie, a wyvern skeleton and a centaur skeleton.

Vanquished Creatures
  An ogre (D:7)
  Crazy Yiuf (D:3)
  A worm (D:3)
  2 ball pythons
  7 bats
  3 endoplasms
  6 goblins
  5 hobgoblins
  7 kobolds
  A quokka (D:2)
  4 frilled lizards
  6 rats
44 creatures vanquished.

Vanquished Creatures (collateral kills)
  A hobgoblin (D:2)
1 creature vanquished.

Grand Total: 45 creatures vanquished

Notes
Turn   | Place    | Note
-------+----------+-------------------------------------------
     0 | D:1      | hawla the Felid Venom Mage began the quest for the Orb.
     0 | D:1      | Reached XP level 1. HP: 7/7 MP: 4/4
   244 | D:1      | Reached skill level 3 in Poison Magic
   244 | D:1      | Reached XP level 2. HP: 11/11 MP: 3/6
  1350 | D:2      | Reached XP level 3. HP: 14/14 MP: 5/7
  1353 | D:2      | Learned a level 2 spell: Poisonous Vapours
  2419 | D:3      | Found a runed translucent door.
  2420 | D:3      | Noticed Crazy Yiuf
  2838 | D:3      | Killed Crazy Yiuf
  2839 | D:3      | Reached XP level 4. HP: 18/18 MP: 0/8
  2950 | D:4      | You fall into a shaft and drop 3 floors!
  2957 | D:7      | Noticed a necrophage
  2987 | D:7      | Noticed an ogre
  3008 | D:7      | Slain by an ogre
  3009 | D:7      | Reached XP level 3. HP: 0/14 MP: 5/7
  3021 | D:7      | Killed an ogre
  3022 | D:7      | Reached skill level 1 in Air Magic
  3022 | D:7      | Reached skill level 4 in Poison Magic
  3022 | D:7      | Reached XP level 4. HP: 18/18 MP: 8/8
  3046 | D:7      | Found a staircase to the Ecumenical Temple.
  3055 | Temple   | Entered the Ecumenical Temple
  3272 | Temple   | Became a worshipper of Vehumet
  3278 | D:7      | Slain by a killer bee zombie

Illustrated notes

Levels and vault maps discovered:
D:1:      eino_arrival_water_star, layout_basic, minmay_hedge_maze
D:2:      layout_loops_cross, grunt_decor_cap
D:3:      layout_basic, uniq_crazy_yiuf_cottage
D:4:      layout_basic, zin_statuary, serial_shops, nicolae_take_the_stairs,
          minmay_misc_feat_nine_boxes, grunt_ministairs_6
D:7:      kennysheep_big_flooded_room, layout_loops_ring,
          mainiacjoe_overflow_alcove_4, minmay_temple_entry_crystal_x,
          minivault_22
Temple:   minmay_freezing_vapour_temple

Skill      XL: |  1  2  3 |
---------------+----------+-----
Poison Magic   | 3 4 |  4.4
Dodging        | 3 |  3.2
Transmutations | 2 |  2.0
Air Magic      | 1 |  1.3
Stealth        | |  2.8
Unarmed Combat | |  0.2
Spellcasting   | |  2.3

Action                   |  1- 3 |  4- 6 || total
-------------------------+-------+-------++-------
Melee: Unarmed           |    67 |       ||    67
       Bite              |     5 |       ||     5
       Punch             |     1 |       ||     1
 Cast: Sting             |    37 |     3 ||    40
       Poisonous Vapours |    12 |     1 ||    13
  Use: Scroll            |     5 |     1 ||     6
 Stab: Sleeping          |     3 |       ||     3
Armor: Skin              |     5 |       ||     5
Dodge: Dodged            |    56 |    11 ||    67
